PA
DELAWARE 1787 BC @ MYRTLE BEACH SEAHAWKS
09/06/2038
 
TOP OF THE 1ST
Delaware 1787 BC batting - Pitching for Myrtle Beach Seahawks : RHP Annamaya Rakhi
Pitching: RHP Annamaya Rakhi
Batting: RHB Abhipala Srivastav 0-0: Ground out 4-3 (Groundball, 34, EV 88.8 MPH)
Batting: SHB Marc Cadiou 0-0: Ball
1-0: Called Strike
1-1: DOUBLE (Line Drive, 8RD, EV 106.9 MPH)
Batting: LHB Luis González 0-0: SINGLE (Flyball, 78S, EV 90.6 MPH)
Marc Cadiou to third
Batting: RHB Yong-ho Jheon 0-0: Swinging Strike
0-1: Ball
1-1: Ball
2-1: Called Strike
2-2: Fielders Choice at 2nd, 2-4 (Groundball, 15S, EV 69.4 MPH)
Batting: RHB Matt Méndez 0-0: Fielders Choice at 2nd, 5-4 (Groundball, 56, EV 79.4 MPH)
Top of the 1st over - 0 runs, 2 hits, 0 errors, 2 left on base; Delaware 0 - Myrtle Beach 0
BOTTOM OF THE 1ST
Myrtle Beach Seahawks batting - Pitching for Delaware 1787 BC : LHP Pepe Fontirroig
Pitching: LHP Pepe Fontirroig
Batting: RHB António Macías 0-0: Ball
1-0: Fly out, F9 (Flyball, 9LMF, EV 95.0 MPH)
Batting: RHB António Etxebarria 0-0: Called Strike
0-1: Called Strike
0-2: Foul Ball, location: 2F
0-2: Strikes out swinging
Batting: RHB Tora Tora 0-0: Called Strike
0-1: Ball
1-1: Ball
2-1: Ground out 5-3 (Groundball, 56, EV 79.4 MPH)
Bottom of the 1st over - 0 runs, 0 hits, 0 errors, 0 left on base; Delaware 0 - Myrtle Beach 0
TOP OF THE 2ND
Delaware 1787 BC batting - Pitching for Myrtle Beach Seahawks : RHP Annamaya Rakhi
Batting: RHB Lloyd van Grootveld 0-0: Ball
1-0: DOUBLE (Line Drive, 7LS, EV 108.8 MPH)
Batting: RHB Denis Perrin 0-0: Swinging Strike
0-1: Ball
1-1: Swinging Strike
1-2: Ball
2-2: Ball
3-2: Foul Ball, location: 2F
3-2: Foul Ball, location: 2F
3-2: Strikes out swinging
Batting: RHB Domingo Cabrera 0-0: Called Strike
0-1: Foul Ball, location: 2F
0-2: SINGLE (Line Drive, 78M, EV 90.0 MPH)
Lloyd van Grootveld to third
Batting: LHB Quentin Batkin 0-0: Swinging Strike
0-1: Ball
1-1: Fielders Choice at 2nd, 5-4 (Groundball, 56, EV 106.2 MPH)
Lloyd van Grootveld scores
Batting: RHB Abhipala Srivastav 0-0: Ball
1-0: Fielders Choice at 2nd, 5-4 (Groundball, 56, EV 103.8 MPH)
Top of the 2nd over - 1 run, 2 hits, 0 errors, 1 left on base; Delaware 1 - Myrtle Beach 0
BOTTOM OF THE 2ND
Myrtle Beach Seahawks batting - Pitching for Delaware 1787 BC : LHP Pepe Fontirroig
Batting: LHB Lung Chaim 0-0: Ball
1-0: Called Strike
1-1: Fly out, F8 (Flyball, 8RD, EV 99.4 MPH)
Batting: RHB Dermott Mann 0-0: Ball
1-0: Foul Ball, location: 2F
1-1: Ball
2-1: Ball
3-1: Called Strike
3-2: Base on Balls
Batting: RHB Marcos Luna 0-0: Swinging Strike
0-1: Swinging Strike
0-2: Ground out 5-3 (Groundball, 5S, EV 72.5 MPH)
Dermott Mann to second
Batting: LHB Jorge Agramunt 0-0: Ball
1-0: Ground out 3-1 (Groundball, 34, EV 84.4 MPH)
Bottom of the 2nd over - 0 runs, 0 hits, 0 errors, 1 left on base; Delaware 1 - Myrtle Beach 0
TOP OF THE 3RD
Delaware 1787 BC batting - Pitching for Myrtle Beach Seahawks : RHP Annamaya Rakhi
Batting: SHB Marc Cadiou 0-0: Called Strike
0-1: Foul Ball, location: 2F
0-2: Foul Ball, location: 2F
0-2: Ball
1-2: Ball
2-2: Foul Ball, location: 2F
2-2: Foul Ball, location: 2F
2-2: Strikes out swinging
Batting: LHB Luis González 0-0: Called Strike
0-1: Ball
1-1: Fly out, F6 (Popup, 6MD, EV 48.1 MPH)
Batting: RHB Yong-ho Jheon 0-0: Ball
1-0: Swinging Strike
1-1: Ball
2-1: Ball
3-1: Called Strike
3-2: Ground out 6-3 (Groundball, 6M, EV 81.2 MPH)
Top of the 3rd over - 0 runs, 0 hits, 0 errors, 0 left on base; Delaware 1 - Myrtle Beach 0
BOTTOM OF THE 3RD
Myrtle Beach Seahawks batting - Pitching for Delaware 1787 BC : LHP Pepe Fontirroig
Batting: RHB Kyle Goodbrand 0-0: Ball
1-0: Foul Ball, location: 2F
1-1: Ball
2-1: Ball
3-1: Foul Ball, location: 2F
3-2: Strikes out swinging
Batting: RHB Olkhovsky Gennadiyevich 0-0: Foul Ball, location: 2F
0-1: Ball
1-1: Foul Ball, location: 2F
1-2: Strikes out swinging
Batting: RHB António Macías 0-0: Ball
1-0: Foul Ball, location: 2F
1-1: Ball
2-1: Called Strike
2-2: Ball
3-2: Foul Ball, location: 2F
3-2: Base on Balls
Batting: RHB António Etxebarria 0-0: Called Strike
0-1: Ball
1-1: Foul Ball, location: 2F
1-2: Hit by Pitch
António Macías to second
Batting: RHB Tora Tora 0-0: Foul Ball, location: 2F
0-1: Fielders Choice at 2nd, 6-4 (Groundball, 6, EV 78.8 MPH)
Bottom of the 3rd over - 0 runs, 0 hits, 0 errors, 2 left on base; Delaware 1 - Myrtle Beach 0
TOP OF THE 4TH
Delaware 1787 BC batting - Pitching for Myrtle Beach Seahawks : RHP Annamaya Rakhi
Batting: RHB Matt Méndez 0-0: Fly out, F7 (Flyball, 78M, EV 88.1 MPH)
Batting: RHB Lloyd van Grootveld 0-0: Ball
1-0: Swinging Strike
1-1: Foul Ball, location: 2F
1-2: Foul Ball, location: 2F
1-2: Strikes out looking
Batting: RHB Denis Perrin 0-0: Fly out, F8 (Flyball, 8LS, EV 83.1 MPH)
Top of the 4th over - 0 runs, 0 hits, 0 errors, 0 left on base; Delaware 1 - Myrtle Beach 0
BOTTOM OF THE 4TH
Myrtle Beach Seahawks batting - Pitching for Delaware 1787 BC : LHP Pepe Fontirroig
Batting: LHB Lung Chaim 0-0: Ball
1-0: Foul Ball, location: 2F
1-1: Foul Ball, location: 2F
1-2: Strikes out swinging
Batting: RHB Dermott Mann 0-0: Ball
1-0: Ball
2-0: Called Strike
2-1: Ball
3-1: Called Strike
3-2: Base on Balls
Batting: RHB Marcos Luna 0-0: Swinging Strike
0-1: Foul Ball, location: 2F
0-2: Ball
1-2: Ball
2-2: Reached on error, E4 (Groundball, 4, EV 80.6 MPH)
Dermott Mann to second
Batting: LHB Jorge Agramunt 0-0: Ball
1-0: Called Strike
1-1: Swinging Strike
1-2: DOUBLE (Flyball, 89XD, EV 96.2 MPH)
Dermott Mann scores
Marcos Luna to third
Batting: RHB Kyle Goodbrand 0-0: Ball
1-0: Called Strike
1-1: Foul Ball, location: 2F
1-2: Foul Ball, location: 2F
1-2: Ball
2-2: Ball
3-2: Fly out, F8 (Line Drive, 8LD, EV 94.4 MPH)
Runner from 3rd tags up, OUT at HOME! 8-2
Bottom of the 4th over - 1 run, 1 hit, 1 error, 1 left on base; Delaware 1 - Myrtle Beach 1
TOP OF THE 5TH
Delaware 1787 BC batting - Pitching for Myrtle Beach Seahawks : RHP Annamaya Rakhi
Batting: RHB Domingo Cabrera 0-0: Ball
1-0: Called Strike
1-1: Foul Ball, location: 2F
1-2: Ball
2-2: Ball
3-2: Strikes out swinging
Batting: LHB Quentin Batkin 0-0: Ball
1-0: Swinging Strike
1-1: Swinging Strike
1-2: Strikes out swinging
Batting: RHB Abhipala Srivastav 0-0: Fly out, F4 (Popup, 34, EV 78.8 MPH)
Top of the 5th over - 0 runs, 0 hits, 0 errors, 0 left on base; Delaware 1 - Myrtle Beach 1
BOTTOM OF THE 5TH
Myrtle Beach Seahawks batting - Pitching for Delaware 1787 BC : LHP Pepe Fontirroig
Batting: RHB Olkhovsky Gennadiyevich 0-0: Ball
1-0: Swinging Strike
1-1: Swinging Strike
1-2: Fly out, F6 (Popup, 56, EV 71.2 MPH)
Batting: RHB António Macías 0-0: Ball
1-0: Ball
2-0: Foul Ball, location: 2F
2-1: Swinging Strike
2-2: Strikes out looking
Batting: RHB António Etxebarria 0-0: Called Strike
0-1: DOUBLE (Line Drive, 78D, EV 105.0 MPH)
Batting: RHB Tora Tora 0-0: Ball
1-0: Swinging Strike
1-1: Ball
2-1: Ball
3-1: Foul Ball, location: 2F
3-2: Foul Ball, location: 2F
3-2: Foul Ball, location: 2F
3-2: Base on Balls
Batting: LHB Lung Chaim 0-0: Called Strike
0-1: Ball
1-1: SINGLE (Line Drive, 78S, EV 90.6 MPH)
António Etxebarria to third
Tora Tora to second
Batting: RHB Dermott Mann 0-0: Called Strike
0-1: Ground out 5-3 (Groundball, 56S, EV 86.9 MPH)
Bottom of the 5th over - 0 runs, 2 hits, 0 errors, 3 left on base; Delaware 1 - Myrtle Beach 1
TOP OF THE 6TH
Delaware 1787 BC batting - Pitching for Myrtle Beach Seahawks : RHP Annamaya Rakhi
Batting: SHB Marc Cadiou 0-0: Ball
1-0: Ball
2-0: Foul Ball, location: 2F
2-1: Ball
3-1: Fly out, F9 (Line Drive, 9, EV 98.8 MPH)
Batting: LHB Luis González 0-0: Ball
1-0: Foul Ball, location: 2F
1-1: Called Strike
1-2: Ball
2-2: Ground out 6-3 (Groundball, 56, EV 83.1 MPH)
Batting: RHB Yong-ho Jheon 0-0: Called Strike
0-1: Called Strike
0-2: Ball
1-2: Strikes out swinging
Top of the 6th over - 0 runs, 0 hits, 0 errors, 0 left on base; Delaware 1 - Myrtle Beach 1
BOTTOM OF THE 6TH
Myrtle Beach Seahawks batting - Pitching for Delaware 1787 BC : LHP Pepe Fontirroig
Batting: RHB Marcos Luna 0-0: Foul Ball, location: 2F
0-1: Ball
1-1: Swinging Strike
1-2: Ball
2-2: Ball
3-2: Foul Ball, location: 2F
3-2: Ground out 5-3 (Groundball, 56, EV 85.6 MPH)
Pitching: LHP Donald Castro
Batting: LHB Jorge Agramunt 0-0: Swinging Strike
0-1: Called Strike
0-2: Ball
1-2: Strikes out swinging
Batting: RHB Kyle Goodbrand 0-0: Ball
1-0: Called Strike
1-1: Ball
2-1: Ball
3-1: Foul Ball, location: 2F
3-2: Strikes out looking
Bottom of the 6th over - 0 runs, 0 hits, 0 errors, 0 left on base; Delaware 1 - Myrtle Beach 1
TOP OF THE 7TH
Delaware 1787 BC batting - Pitching for Myrtle Beach Seahawks : RHP Annamaya Rakhi
Batting: RHB Matt Méndez 0-0: Fly out, F6 (Line Drive, 6, EV 66.9 MPH)
Batting: RHB Lloyd van Grootveld 0-0: Foul Ball, location: 2F
0-1: Ball
1-1: Foul Ball, location: 2F
1-2: Ball
2-2: Strikes out looking
Batting: RHB Denis Perrin 0-0: Called Strike
0-1: Foul Ball, location: 2F
0-2: Foul Ball, location: 2F
0-2: Foul Ball, location: 2F
0-2: Ball
1-2: Ground out 6-3 (Groundball, 6, EV 88.1 MPH)
Top of the 7th over - 0 runs, 0 hits, 0 errors, 0 left on base; Delaware 1 - Myrtle Beach 1
BOTTOM OF THE 7TH
Myrtle Beach Seahawks batting - Pitching for Delaware 1787 BC : LHP Donald Castro
Batting: RHB Olkhovsky Gennadiyevich 0-0: Swinging Strike
0-1: Ball
1-1: Called Strike
1-2: Strikes out swinging
Batting: RHB António Macías 0-0: Called Strike
0-1: Ball
1-1: Called Strike
1-2: Foul Ball, location: 2F
1-2: Strikes out swinging
Batting: RHB António Etxebarria 0-0: Ball
1-0: Ground out 5-3 (Groundball, 5S, EV 63.8 MPH)
Bottom of the 7th over - 0 runs, 0 hits, 0 errors, 0 left on base; Delaware 1 - Myrtle Beach 1
TOP OF THE 8TH
Delaware 1787 BC batting - Pitching for Myrtle Beach Seahawks : RHP Annamaya Rakhi
Pitching: RHP Dave Lawson
Batting: RHB Domingo Cabrera 0-0: Ball
1-0: Ball
2-0: Called Strike
2-1: Foul Ball, location: 2F
2-2: Ball
3-2: Foul Ball, location: 2F
3-2: Strikes out swinging
Batting: LHB Quentin Batkin 0-0: Ball
1-0: Fly out, F7 (Flyball, 7LD, EV 98.1 MPH)
Batting: RHB Abhipala Srivastav 0-0: Called Strike
0-1: Ball
1-1: Ball
2-1: Ball
3-1: Swinging Strike
3-2: Strikes out looking
Top of the 8th over - 0 runs, 0 hits, 0 errors, 0 left on base; Delaware 1 - Myrtle Beach 1
BOTTOM OF THE 8TH
Myrtle Beach Seahawks batting - Pitching for Delaware 1787 BC : LHP Donald Castro
Batting: RHB Tora Tora 0-0: Ball
1-0: SINGLE (Line Drive, 6M, EV 98.8 MPH)
Batting: LHB Lung Chaim 0-0: Ball
1-0: Ball
2-0: Ball
3-0: Called Strike
3-1: Foul Ball, location: 2F
3-2: Fly out, F8 (Flyball, 78D, EV 89.4 MPH)
Pitching: RHP Arthur Furber
Batting: RHB Dermott Mann 0-0: Foul Ball, location: 2F
0-1: Called Strike
0-2: Foul Ball, location: 2F
0-2: Foul Ball, location: 2F
0-2: Fly out, F8 (Flyball, 8LS, EV 93.1 MPH)
Batting: RHB Marcos Luna 0-0: DOUBLE (Line Drive, 89XD, EV 108.1 MPH)
Tora Tora to third
Batting: LHB Jorge Agramunt 0-0: DOUBLE (Groundball, 3L, EV 96.9 MPH)
Tora Tora scores
Marcos Luna scores
Batting: RHB Kyle Goodbrand 0-0: Ball
1-0: Ball
2-0: Ball
3-0: Base on Balls
Batting: RHB Olkhovsky Gennadiyevich 0-0: Called Strike
0-1: Fly out, F4 (Popup, 4, EV 63.8 MPH)
Bottom of the 8th over - 2 runs, 3 hits, 0 errors, 2 left on base; Delaware 1 - Myrtle Beach 3
TOP OF THE 9TH
Delaware 1787 BC batting - Pitching for Myrtle Beach Seahawks : RHP Dave Lawson
Batting: SHB Marc Cadiou 0-0: Called Strike
0-1: Ball
1-1: Foul Ball, location: 2F
1-2: Fly out, F7 (Flyball, 7S, EV 78.1 MPH)
Batting: LHB Luis González 0-0: Ball
1-0: Swinging Strike
1-1: Foul Ball, location: 2F
1-2: Foul Ball, location: 2F
1-2: Ball
2-2: Foul Ball, location: 2F
2-2: Strikes out looking
Batting: RHB Yong-ho Jheon 0-0: Swinging Strike
0-1: Fly out, F9 (Flyball, 9LS, EV 74.4 MPH)
Top of the 9th over - 0 runs, 0 hits, 0 errors, 0 left on base; Delaware 1 - Myrtle Beach 3
Friday, April 17th, 2020 - OOTP Baseball 20.8 Build 74